 Dungeon Crawl Stone Soup version 0.31-a0-716-gc7603755dd (webtiles) character file.

Game seed: 17190220046232631098

5486 Bnni the Spear-Bearer (level 11, -11/89 HPs)
             Began as a Formicid Fighter on Sept 10, 2023.
             Was an Initiate of Yredelemnul.
             Mangled by an orc knight
             ... wielding a +0 glaive
              (22 damage)
             ... in a bailey.
             The game lasted 00:18:32 (8569 turns).

Bnni the Spear-Bearer (Formicid Fighter)            Turns: 8569, Time: 00:18:34

Health: -11/89     AC: 13    Str: 25    XL:     11   Next: 1%
Magic:  17/17      EV:  5    Int:  8    God:    Yredelemnul [......]
Gold:   536        SH: 11    Dex: 19    Spells: 10/10 levels left

rFire   . . .        d - +2 trident (drain)
rCold   . . .        E - +0 kite shield
rNeg    . . .        v - +0 plate armour
rPois   .            (helmet unavailable)
rElec   .            C - +0 cloak
rCorr   .            f - +0 pair of gloves
SInv    +            (no boots)
Will    +....        (no amulet) Stlth
                     c - +6 ring of dexterity
HPRegen 0.34/turn    (no ring)
MPRegen 0.15/turn

%: no passive effects
@: very slow
A: permanent stasis, dig shafts and tunnels, antennae 3, four strong arms
a: Dig, Renounce Religion, Recall Undead Harvest


You were in a bailey.
You worshipped Yredelemnul.
Yredelemnul was aware of your devotion.
You visited 2 branches of the dungeon, and saw 10 of its levels.
You also visited: Bailey.

You collected 536 gold pieces.

Inventory:

Hand Weapons
 a - a +1 vampiric spear
 d - a +2 trident of draining (weapon)
 n - a +0 glaive
 B - a +0 halberd
 G - a +4 triple crossbow of draining
Missiles
 l - 14 poisoned darts
Armour
 b - a +0 scale mail
 f - a +0 pair of gloves (worn)
 v - a +0 plate armour (worn)
 C - a +0 cloak (worn)
 E - a +0 kite shield (worn)
Jewellery
 c - a +6 ring of dexterity (left hand)
Wands
 h - a wand of digging (4)
 D - a wand of flame (10)
 F - a wand of acid (5)
Scrolls
 e - 3 scrolls of enchant weapon
 m - 2 scrolls of enchant armour
 o - a scroll of poison
 r - 3 scrolls of fear
 s - 2 scrolls of revelation
 t - 2 scrolls of noise
 x - a scroll of vulnerability
 y - a scroll of immolation
Potions
 g - a potion of lignification
 i - 2 potions of attraction
 j - 4 potions of curing
 k - a potion of haste
 p - a potion of cancellation
 u - 2 potions of enlightenment
 w - 2 potions of mutation
 z - a potion of ambrosia {unknown}
 A - a potion of degeneration {unknown}


   Skills:
 + Level 9.2 Fighting
 * Level 11.3 Polearms
 - Level 3.2 Armour
 * Level 5.7 Shields
 + Level 8.3 Invocations


You had 10 spell levels left.
You didn't know any spells.
Your spell library contained the following spells:

 Spells                   Type           Power      Damage    Failure   Level
 Sandblast                Erth           0%         2d4       100%        1
 Ensorcelled Hibernation  Hex/Ice        0%         N/A       100%        2
 Jinxbite                 Hex            0%         N/A       100%        2
 Passwall                 Tmut/Erth      0%         N/A       100%        2
 Stone Arrow              Conj/Erth      0%         3d7       100%        3
 Tukima's Dance           Hex            0%         N/A       100%        3
 Anguish                  Hex/Necr       0%         N/A       100%        4
 Dimensional Bullseye     Hex/Tloc       0%         N/A       100%        4
 Iskenderun's Mystic Bla  Conj/Tloc      0%         2d3       100%        4


Dungeon Overview and Level Annotations

Branches:
Dungeon (9/15)             Temple (1/1) D:4          Bailey (1/1)
   Lair: D:8-11         Orc: D:9-12

Altars:
Ashenzari
Cheibriados
Dithmenos
Elyvilon
Gozag
Hepliaklqana
Kikubaaqudgha
Makhleb
Nemelex Xobeh
Okawaru
Qazlal
Ru
Sif Muna
Trog
Uskayaw
Vehumet
Wu Jian
Xom
Yredelemnul
Zin
The Shining One


Innate Abilities, Weirdness & Mutations

You cannot be hasted, slowed, berserked, paralysed or teleported.
You can dig through walls and to a lower floor.
You have a pair of large antennae on your head. (SInv)
Your four strong arms can wield two-handed weapons with a shield.


Message History

You hear a splash.
Your orc zombie barely misses the orc knight.
The orc knight attacks as it pursues you!
The orc knight hits you from afar with a +0 glaive.
* * * LOW HITPOINT WARNING * * *
Something hits your orc zombie!!
Your orc zombie is destroyed!
The orc knight is no longer covered in acid.
The orc knight roars a battlecry!
The orc knight attacks as it pursues you!
The orc knight hits you from afar with a +0 glaive!
* * * LOW HITPOINT WARNING * * *
As you read the scroll labelled JIOSOFF MURUO, it crumbles to dust.
The creatures around you are filled with an inner flame!
It was a scroll of immolation.
Okay, then.
As you read the scroll labelled XOEM FIMUBLI, it crumbles to dust.
You feel aware of your surroundings.
You sensed 3 shops/portals.
It was a scroll of revelation.
You block the orc knight's attack.
Okay, then.
As you read the scroll labelled DEUNIA NEELL, it crumbles to dust.
You hear a loud clanging noise!
It was a scroll of noise.
The orc knight splashes around in the water.
The air fills with toxic fumes!
As you read the scroll labelled JOORE JOCI, it crumbles to dust.
It was a scroll of poison.
The orc knight splashes around in the water.
Okay, then.
As you read the scroll labelled DANUETRESIG, it crumbles to dust.
You feel a strange sense of stasis.
It was a scroll of teleportation.
The orc knight roars a battlecry!
The orc warrior goes into a battle-frenzy!
As you read the scroll labelled CEUMOU UMUL, it crumbles to dust.
You assume a fearsome visage.
The orc warrior looks frightened! x2
The orc knight resists with some effort.
It was a scroll of fear.
The orc knight hits you from afar with a +0 glaive!!
You die...
Your body rises from the dead as a mindless zombie.

#.....~≈≈~≈≈≈~~~##~(~~##~~~~≈≈≈~
#.....~~~~~~~~~##~~~~~##~~~~~~~~
#.....~~~~~~~~##§~#'''##~~~~~Z~~
#.....~~~~~~~~#§§##∩.∩##~~##~~~~
#.....~~~~~~~##§####'####~##~~~~
#.....~~~~~~~##oo.#...#)'~##~~~~
#.....~~~~~~~##o###.8.###Z##~~~~
#.....~~~~~~~##§§§#:.?#)'~##~~~~
#.....~~~~~~~##@#########Z##~~~~
#.....~~~~~~~~#§§##)#)##Z~#~~~~~
#.....~~~~~~~~##§§#'#'#~~##~~~~~
#.....~~~~~~~~~##§§§~~~~##~~~~~~
#.....~≈≈~≈≈≈~~~#########~~~≈≈≈~
#.....≈≈#.##≈~~~~~~###~~~~~~≈##.
#.....≈##.∩#≈~~~~~~~~~~~~~~~≈#∩.
#.....≈#..))~~~~~~~~~~~~~~~~))..
#.....≈##.##≈)~~~~~~~~~~~~~~≈##.


You could see an orc knight (inner flame) and 2 orc warriors.

Vanquished Creatures
  A two-headed ogre (D:5)
  A manticore (D:7)
  Jeremiah (D:7)
  Duvessa (D:7)
  An ice beast (D:8)
  A water moccasin (D:7)
  3 sky beasts (D:7)
  6 orc warriors
  A black bear (D:5)
  2 ogres
  2 centaurs
  A kobold brigand (D:7)
  3 bullfrogs
  3 wights (D:7)
  Dowan (D:7)
  3 killer bees
  3 hounds
  A jelly (D:6)
  4 orc priests
  A sleepcap (D:7)
  2 gnoll boudas
  Natasha (thrice) (D:3)
  2 iguanas
  5 orc wizards (D:8)
  Robin (D:4)
  7 adders
  12 gnolls
  A shadow imp (D:6)
  3 white imps
  An ufetubus (D:7)
  A worm (D:2)
  7 dart slugs
  29 orcs
  5 bats
  4 endoplasms
  2 giant cockroaches
  17 goblins
  8 hobgoblins
  7 jackals
  12 kobolds
  2 quokkas
  7 ball pythons
  3 frilled lizards
  8 rats
189 creatures vanquished.

Vanquished Creatures (collateral kills)
  Pikel (D:5)
  Eustachio (D:6)
  An ogre (D:6)
  A phantom (D:6)
  A bullfrog (D:7)
  A scorpion (D:5)
  4 killer bees
  2 orc priests (D:8)
  Crazy Yiuf (D:6)
  2 gnolls (D:6)
  12 orcs
  A goblin (D:9)
  An orc zombie (D:8)
29 creatures vanquished.

Vanquished Creatures (others)
  A scorpion zombie (D:5)
  2 kobold zombies (D:7)
  A sky beast zombie (D:7)
  A hound zombie (D:6)
  An elf zombie (D:7)
  An adder zombie (D:5)
  2 iguana zombies
  13 orc zombies
  A spectral white imp (D:6)
  3 gnoll zombies (D:6)
  A spectral ufetubus (D:7)
27 creatures vanquished.

Grand Total: 245 creatures vanquished

Notes
Turn   | Place    | Note
-------+----------+-------------------------------------------
     0 | D:1      | Bnni the Formicid Fighter began the quest for the Orb.
     0 | D:1      | Reached XP level 1. HP: 18/18 MP: 1/1
   204 | D:1      | Reached XP level 2. HP: 24/24 MP: 2/2
   954 | D:2      | Reached XP level 3. HP: 25/29 MP: 3/3
  1229 | D:2      | Reached XP level 4. HP: 37/37 MP: 4/4
  1266 | D:2      | Reached skill level 3 in Polearms
  1266 | D:2      | Reached skill level 5 in Shields
  1735 | D:3      | Found a burning altar of Makhleb.
  1735 | D:3      | Found a white marble altar of Elyvilon.
  1777 | D:3      | Noticed Natasha
  1795 | D:3      | Killed Natasha
  1796 | D:3      | Reached XP level 5. HP: 34/42 MP: 5/5
  1878 | D:3      | Noticed Natasha
  1893 | D:3      | Killed Natasha
  2197 | D:3      | Noticed Natasha
  2201 | D:3      | Killed Natasha
  2202 | D:3      | Reached skill level 4 in Polearms
  2623 | D:4      | Found an ancient bone altar of Kikubaaqudgha.
  2678 | D:4      | Reached XP level 6. HP: 42/49 MP: 6/6
  3010 | D:4      | Found a staircase to the Ecumenical Temple.
  3011 | D:4      | Noticed Robin
  3053 | D:4      | Reached skill level 5 in Polearms
  3071 | D:4      | Killed Robin
  3072 | D:4      | Reached skill level 5 in Fighting
  3202 | Temple   | Entered the Ecumenical Temple
  3215 | Temple   | Became a worshipper of Yredelemnul the Dark
  3349 | D:4      | Found a glowing silver altar of Zin.
  3536 | D:5      | Entered Level 5 of the Dungeon
  3600 | D:5      | Reached skill level 1 in Invocations
  3600 | D:5      | Reached XP level 7. HP: 42/56 MP: 7/7
  3665 | D:5      | Reached * piety under Yredelemnul
  3754 | D:5      | Reached ** piety under Yredelemnul
  4092 | D:5      | Reached skill level 6 in Polearms
  4221 | D:5      | Noticed a two-headed ogre
  4242 | D:5      | Killed a two-headed ogre
  4243 | D:5      | Reached skill level 7 in Polearms
  4243 | D:5      | Reached XP level 8. HP: 5/65 MP: 5/11
  4573 | D:5      | Noticed Pikel
  4585 | D:5      | Killed Pikel
  4586 | D:5      | Reached skill level 8 in Polearms
  4586 | D:5      | Reached skill level 5 in Invocations
  4586 | D:5      | Reached XP level 9. HP: 28/72 MP: 7/13
  5174 | D:6      | Reached skill level 9 in Polearms
  5290 | D:6      | Found a runed translucent door.
  5291 | D:6      | Noticed Crazy Yiuf
  5299 | D:6      | Killed Crazy Yiuf
  5489 | D:6      | Found a bloodstained altar of Trog.
  5523 | D:6      | Reached *** piety under Yredelemnul
  5529 | D:6      | Found a shimmering blue altar of Sif Muna.
  5587 | D:6      | Found a shadowy altar of Dithmenos.
  5601 | D:6      | Noticed Eustachio
  5609 | D:6      | Killed Eustachio
  5678 | D:7      | Found an iron altar of Okawaru.
  5683 | D:7      | Noticed Jeremiah
  5697 | D:7      | Killed Jeremiah
  5698 | D:7      | Reached XP level 10. HP: 40/80 MP: 13/15
  5842 | D:7      | Identified the +3 falchion "Udom" {venom, rElec Str+2}
  5856 | D:7      | Reached skill level 10 in Polearms
  5908 | D:7      | Found a radiant altar of Vehumet.
  5947 | D:7      | Reached **** piety under Yredelemnul
  6026 | D:7      | Noticed a manticore
  6041 | D:7      | Killed a manticore
  6419 | D:7      | Noticed Duvessa
  6422 | D:7      | Noticed Dowan
  6427 | D:7      | Killed Duvessa
  6432 | D:7      | Your ally Duvessa died
  6437 | D:7      | Killed Dowan
  6818 | D:8      | Found a stormy altar of Qazlal.
  7061 | D:8      | Reached skill level 11 in Polearms
  7175 | D:8      | Found a glowing golden altar of the Shining One.
  7462 | D:8      | Found a hide-covered altar of Uskayaw.
  7856 | D:9      | Found a flagged portal.
  7865 | Bailey   | Entered a bailey
  8472 | Bailey   | Reached XP level 11. HP: 72/89 MP: 17/17
  8543 | Bailey   | Noticed an orc knight
  8569 | Bailey   | Mangled by an orc knight

Illustrated notes

Levels and vault maps discovered:
D:1:      kennysheep_arrival_forest, layout_basic
D:2:      minmay_skewed_foursquare, layout_loops_cross,
          chequers_serial_rivers_marsh
D:3:      layout_loops_corners, mainiacjoe_overflow_catwalk_spiral, uniq_natasha
D:4:      layout_basic, mainiacjoe_overflow_cross_hatched, zin_treasury,
          minmay_temple_entry_ruins, uniq_robin
D:5:      layout_loops_cross, minivault_27, hangedman_decor_push, uniq_pikel
D:6:      nicolae_cairo_tiling, layout_gridville, trog_book, lemuel_round_altar,
          nicolae_sif_muna_condensation, uniq_eustachio, uniq_crazy_yiuf_cottage
D:7:      layout_loops_ring, mainiacjoe_overflow_alcove_1,
          okawaru_ov_weapons_minmay, uniq_jeremiah, uniq_duvessa
D:8:      layout_cave_pools, nicolae_tso_carved_into_rock,
          mainiacjoe_overflow_boulevard, mainiacjoe_overflow_six_doors_small
D:9:      layout_basic, mainiacjoe_overflow_chevrons, enter_bailey_4,
          nicolae_shop_dragon_depot
Temple:   hellmonk_temple_beads
Bailey:   bailey_polearm_2, bailey

Skill      XL: |  1  2  3  4  5  6  7  8  9 10 |
---------------+-------------------------------+-----
Polearms       | 3 4 5 7 8 9 11 | 11.3
Shields        | 5 |  5.7
Fighting       | 4 5 6 7 8 9 |  9.2
Invocations    | 1 4 5 6 8 |  8.3
Armour         | |  3.2

Action                     |  1- 3 |  4- 6 |  7- 9 | 10-12 || total
---------------------------+-------+-------+-------+-------++-------
  Melee: Trident           |    97 |   275 |   161 |   228 ||   761
         Halberd           |       |       |    31 |     1 ||    32
  Throw: Dart              |       |       |     2 |     1 ||     3
 Invoke: Dark Bargain      |       |       |     3 |     2 ||     5
         Recall Undead Har |       |       |     3 |     4 ||     7
Ability: Dig               |       |     1 |       |       ||     1
  Evoke: Wand              |       |       |       |     7 ||     7
    Use: Scroll            |       |     7 |     2 |     8 ||    17
         Potion            |       |       |     1 |     1 ||     2
   Stab: Betrayed ally     |       |       |       |     2 ||     2
         Distracted        |       |       |       |     1 ||     1
 Armour: Scale mail        |    57 |   146 |    91 |   132 ||   426
         Plate armour      |       |       |       |    11 ||    11
  Dodge: Dodged            |    46 |   119 |    53 |    69 ||   287
  Block: Buckler           |    24 |    85 |    32 |    23 ||   164
         Kite shield       |       |       |       |    55 ||    55

Table legend: (Time is in decaauts)
 A = Elapsed time spent in this place.
 B = Non-inter-level travel time spent in this place.
 C = Inter-level travel time spent in this place.
 D = Time resting spent in this place.
 E = Time spent auto-exploring this place.
 F = Levels seen in this place.
 G = Mean time per level.
                   A        B        C        D        E       F      G
               +--------+--------+--------+--------+--------+-----+--------+
         Total |   8623 |   8357 |    266 |   1360 |   5137 |  11 |  783.9 |
       Dungeon |   7860 |   7606 |    254 |    914 |   5137 |   9 |  873.3 |
        Temple |     26 |     14 |     12 |      0 |      0 |   1 |   26.0 |
        Bailey |    736 |    736 |      0 |    446 |      0 |   1 |  736.0 |
               +--------+--------+--------+--------+--------+-----+--------+

Top non-repeatable levels by time:
     D:5: 1292 daAuts
     D:7: 1062 daAuts
     D:3: 1051 daAuts
     D:2: 909 daAuts
     D:8: 891 daAuts
     D:6: 843 daAuts
     D:1: 806 daAuts
     D:4: 802 daAuts
  Bailey: 736 daAuts
     D:9: 200 daAuts
  Temple: 26 daAuts
